Match 42621583
Unlisted

Match 42621583
End
Construct Barracks
Riflemen Squad
Riflemen Squad
1⁄4-ton 4x4 Truck
Grenade Package
Riflemen Squad
Riflemen Squad
Construct Medical Station
Mechanized Support Center
Construct Motor Pool
Selects Armored Battlegroup
Selects Veteran Crews
Selects Fast Deploy
M8 Greyhound Armored Car
M1918 Browning Automatic Rifles
Selects Field Repairs
Engineer Squad
Field Repairs
M24 Chaffee Light Tank
Selects War Machine
Field Repairs
Construct Tank Depot
Selects Seek and Destroy
Selects UNKNOWN (2160077)
M4A3E8 Sherman Easy Eight
CosmeFulanito
Cylar
JVM
[DGG] .I.
BladeMaster
Ben Redic Fy Fazan
0
0

Comments sign in to comment!

No comments posted yet!